 Dungeon Crawl Stone Soup version 0.31-a0-1005-gfbdfbacc72 (webtiles) character file.

Game seed: 1690882099983926445

5665 zero the Fighter (level 10, -1/148 HPs)
             Began as a Minotaur Berserker on Nov 10, 2023.
             Was a Believer of Trog.
             Slain by a blizzard demon (6 damage)
             ... on level 1 of the Abyss.
             The game lasted 00:03:32 (3790 turns).

zero the Fighter (Minotaur Berserker)               Turns: 3790, Time: 00:03:33

Health: -1/148     AC: 13    Str: 25    XL:     10   Next: 47%
Magic:  9/9        EV: 10    Int:  4    God:    Trog [**....]
Gold:   195        SH:  0    Dex: 11    Spells: 9/9 levels left

rFire   + . .        g - +4 war axe
rCold   + . .        (no shield)
rNeg    . . .        k - +3 scale mail of Indemnity {rPois rC+ Stlth+}
rPois   +            (helmet restricted)
rElec   .            e - +1 cloak
rCorr   .            (no gloves)
SInv    .            (no boots)
Will    ++...        (no amulet) Stlth
                     m - ring of protection from fire
HPRegen 1.44/turn    (no ring)
MPRegen 0.11/turn

%: no passive effects
@: berserking, strong-willed (expiring), regenerating (expiring), very quick
A: horns 2, retaliatory headbutt
a: Renounce Religion, Berserk, Trog's Hand


You were on level 1 of the Abyss.
You worshipped Trog.
Trog was pleased with you.
You visited 1 branch of the dungeon, and saw 10 of its levels.
You visited the Abyss 1 time.

You collected 195 gold pieces.

Inventory:

Hand Weapons
 g - a +4 war axe (weapon)
Missiles
 b - 2 throwing nets
Armour
 e - a +1 cloak (worn)
 k - the +3 scale mail of Indemnity (worn) {rPois rC+ Stlth+}
   (You found it on level 4 of the Dungeon)

   rC+:       It protects you from cold.
   rPois:     It protects you from poison Stlth+: It makes you more stealthy.
Jewellery
 m - a ring of protection from fire (left hand)
Wands
 c - a wand of roots (14)
Scrolls
 a - a scroll of immolation
 h - a scroll of blinking
 i - a scroll of enchant weapon
Potions
 d - a potion of haste
 f - a potion of resistance {unknown}
 j - 2 potions of attraction {unknown}
 l - a potion of ambrosia


   Skills:
 * Level 12.4 Fighting
 * Level 12.4 Axes
 + Level 8.8 Armour
 - Level 2.1 Dodging


You had 9 spell levels left.
You didn't know any spells.
Your spell library was empty.

Dungeon Overview and Level Annotations

Branches:
Dungeon (10/15)            Temple (0/1) D:7            Lair (0/5) D:10
    Orc: D:9-12

Altars:
Ashenzari
Dithmenos
Hepliaklqana
Okawaru
Sif Muna

Shops:
D:5 (   D:10 [

Annotations:
D:10 Sonja


Innate Abilities, Weirdness & Mutations

You have a pair of horns on your head.
You reflexively headbutt those who attack you in melee.


Message History

The centaur warrior simulacrum vaporises!
Trog accepts your kill.
You feel your dexterity returning.
There is a gateway leading deeper into the Abyss here.
A blizzard demon comes into view.
The blizzard demon shouts!
A blizzard demon is nearby!
Your skin crawls.
You feel strong-willed. The blizzard demon gestures at you.
The freezing blast engulfs you! You resist.
A small abomination comes into view.
Okay, then.
You are engulfed in freezing vapours.
You resist.
* * * LOW HITPOINT WARNING * * *
You slash the blizzard demon!
Your headbutt misses the blizzard demon.
The blizzard demon is lightly wounded.
You are engulfed in freezing vapours.
You resist.
* * * LOW HITPOINT WARNING * * *
The blizzard demon hits you but does no damage.
The blizzard demon hits you.
* * * LOW HITPOINT WARNING * * *
The blizzard demon hits you but does no damage.
The blizzard demon closely misses you.
A red film seems to cover your vision as you go berserk!
You feel yourself moving faster!
You feel mighty! The blizzard demon gestures at you.
The bolt of cold hits you!! You resist.
* * * LOW HITPOINT WARNING * * *
The bolt of cold hits you! You resist.
* * * LOW HITPOINT WARNING * * *
The bolt of cold misses the blizzard demon.
You slash the blizzard demon! You headbutt the blizzard demon!!
The blizzard demon is heavily wounded.
You hit the small abomination.
You feel the effects of Trog's Hand fading.
The small abomination hits you but does no damage.
The blizzard demon hits you.
You die...

..#.# .#..
#..# #..##
### #...# ..
#.#>## .# .
#.##.##.# ..
.#
#.°.#####.#.#
#.
#.°°°○@x...#
..
####.#2...#.#
## #○○○#..#
###...##
.#### . . #.


You could see a blizzard demon and a small abomination.

Vanquished Creatures
  A thrashing horror (Abyss:1)
  A deep elf pyromancer (D:8)
  A kobold demonologist (D:8)
  A komodo dragon (D:10)
  A hornet (D:10)
  A centaur simulacrum (Abyss:1)
  A shadow (D:10)
  2 basilisks (D:10)
  3 yaks (D:9)
  6 water moccasins
  An orc warrior (D:8)
  2 black bears (D:10)
  2 ice beasts
  3 wolves (D:10)
  3 centaurs
  A kobold brigand (D:10)
  5 scorpions
  9 wights
  A howler monkey (D:7)
  A quasit (Abyss:1)
  3 hounds
  A gnoll bouda (D:5)
  2 orc priests
  2 iguanas
  4 orc wizards
  8 gnolls (D:5)
  2 adders (D:5)
  A shadow imp (D:6)
  A worm (D:4)
  A dart slug (D:5)
  11 orcs
  2 bats
  2 endoplasms
  A giant cockroach (D:2)
  3 goblins
  3 hobgoblins
  3 jackals (D:4)
  6 kobolds
  3 quokkas
  A frilled lizard (D:1)
106 creatures vanquished.

Notes
Turn   | Place    | Note
-------+----------+-------------------------------------------
     0 | D:1      | zero the Minotaur Berserker began the quest for the Orb.
     0 | D:1      | Reached XP level 1. HP: 19/19 MP: 0/0
   158 | D:2      | Reached XP level 2. HP: 26/27 MP: 1/1
   899 | D:4      | Identified the +3 scale mail of Indemnity {rPois rC+
                  | Stlth+}
  1317 | D:5      | Entered Level 5 of the Dungeon
  1336 | D:5      | Reached XP level 3. HP: 32/34 MP: 2/2
  1341 | D:5      | Found a hazy altar of Hepliaklqana.
  1343 | D:5      | Noticed a scorpion
  1355 | D:5      | Killed a scorpion
  1356 | D:5      | Reached skill level 5 in Fighting
  1356 | D:5      | Reached skill level 5 in Axes
  1356 | D:5      | Reached XP level 4. HP: 33/42 MP: 3/3
  1424 | D:5      | Reached XP level 5. HP: 48/48 MP: 4/4
  1440 | D:5      | Reached ** piety under Trog
  1598 | D:5      | Found Baggeih's Weapon Emporium.
  1888 | D:5      | Reached XP level 6. HP: 54/57 MP: 5/5
  1952 | D:5      | Noticed an ice beast
  1971 | D:5      | Killed an ice beast
  2121 | D:5      | Reached XP level 7. HP: 58/64 MP: 6/6
  2288 | D:6      | Reached skill level 5 in Armour
  2509 | D:6      | Reached XP level 8. HP: 58/74 MP: 7/7
  2515 | D:7      | Found a staircase to the Ecumenical Temple.
  2642 | D:7      | Identified the +2 leather armour of Dithmenos's Hope
                  | {Int+3}
  2716 | D:7      | Found a broken altar of Ashenzari.
  2756 | D:8      | Identified the "Saileisk"
  2892 | D:8      | Noticed a deep elf pyromancer
  2893 | D:8      | Noticed a kobold demonologist
  2898 | D:8      | Killed a deep elf pyromancer
  2899 | D:8      | Reached XP level 9. HP: 85/85 MP: 8/8
  2907 | D:8      | Killed a kobold demonologist
  2908 | D:8      | Reached skill level 10 in Fighting
  2908 | D:8      | Reached skill level 10 in Axes
  2966 | D:10     | Entered Level 10 of the Dungeon
  2975 | D:10     | Noticed a komodo dragon
  2983 | D:10     | Found a staircase to the Lair.
  2998 | D:10     | Killed a komodo dragon
  3001 | D:10     | Reached *** piety under Trog
  3238 | D:9      | Reached XP level 10. HP: 96/96 MP: 9/9
  3449 | D:10     | Found a shadowy altar of Dithmenos.
  3454 | D:10     | Found an iron altar of Okawaru.
  3468 | D:10     | Found Seschocw's Antique Armour Shoppe.
  3556 | D:10     | Found a shimmering blue altar of Sif Muna.
  3632 | D:10     | Noticed Sonja
  3645 | Abyss:1  | Cast into level 1 of the Abyss (Sonja)
  3690 | Abyss:1  | Noticed a thrashing horror
  3701 | Abyss:1  | Killed a thrashing horror
  3783 | Abyss:1  | Noticed a blizzard demon
  3789 | Abyss:1  | HP: 4/148 [blizzard demon/bolt of cold (9)]
  3790 | Abyss:1  | Slain by a blizzard demon

Illustrated notes

Levels and vault maps discovered:
D:1:      lemuel_arrival_cross, layout_rooms, serial_shops, shop, minmay_cupped
D:2:      layout_basic, minmay_vboxes
D:3:      layout_loops_ring, uniq_jessica, uniq_grinder
D:4:      layout_loops_ring, nicolae_hexahallways
D:5:      layout_loops_ring, mainiacjoe_overflow_surrounded_room, serial_shops,
          nicolae_square_shop
D:6:      layout_basic, chei_slow_surprise, serial_bayou, serial_bayou_lagoon_a,
          serial_bayou_lake_a, serial_bayou_pond_a, serial_bayou_pond_e,
          uniq_maggie
D:7:      layout_basic, nicolae_tso_carved_into_rock,
          mainiacjoe_overflow_concentric_impassable, nzn_wu_jian_council_hall,
          xom_redecorated, minmay_temple_entry_gardened_gates, nicolae_titane
D:8:      minmay_imperfect_grid, layout_basic, serial_library,
          serial_library_hellmonk_metal_room,
          serial_library_hellmonk_reading_circle,
          serial_library_hellmonk_secret_room, serial_library_hellmonk_h_bend,
          serial_library_hellmonk_narrow_alcove, uniq_grum
D:9:      layout_basic, enter_bailey_4
D:10:     layout_cross, tgw_sif, minitemple, lemuel_coloured_pillars_altar,
          minmay_lair_entry_grove, serial_shops, nicolae_shop_peninsula,
          uniq_sonja
Abyss:1:  base:
Temple

Skill      XL: |  1  2  3  4  5  6  7  8  9 10 |
---------------+-------------------------------+-----
Fighting       | 4 5 6 7 9 11 12 | 12.4
Axes           | 4 5 6 7 9 11 12 | 12.4
Armour         | 3 4 5 6 8 |  8.8
Dodging        | |  2.1

Action                     |  1- 3 |  4- 6 |  7- 9 | 10-12 || total
---------------------------+-------+-------+-------+-------++-------
  Melee: Hand axe          |    61 |    59 |    26 |       ||   146
         Headbutt          |    10 |    13 |    27 |    12 ||    62
         Punch             |     1 |       |     1 |       ||     2
         War axe           |       |       |   105 |    40 ||   145
 Invoke: Berserk           |       |     2 |     5 |     2 ||     9
         Trog's Hand       |       |       |     1 |     3 ||     4
    Use: Scroll            |       |     9 |     1 |       ||    10
   Stab: Sleeping          |     1 |       |       |       ||     1
 Armour: Animal skin       |    13 |       |       |       ||    13
         Leather armour    |    15 |       |       |       ||    15
         Scale mail        |    11 |    45 |   123 |    77 ||   256
  Dodge: Dodged            |    37 |    22 |    70 |    32 ||   161

Table legend: (Time is in decaauts)
 A = Elapsed time spent in this place.
 B = Non-inter-level travel time spent in this place.
 C = Inter-level travel time spent in this place.
 D = Time resting spent in this place.
 E = Time spent auto-exploring this place.
 F = Levels seen in this place.
 G = Mean time per level.
                   A        B        C        D        E       F      G
               +--------+--------+--------+--------+--------+-----+--------+
         Total |   3880 |   3693 |    187 |    892 |   2086 |  11 |  352.7 |
       Dungeon |   3720 |   3533 |    187 |    822 |   2086 |  10 |  372.0 |
         Abyss |    159 |    159 |      0 |     70 |      0 |   1 |  159.0 |
               +--------+--------+--------+--------+--------+-----+--------+

Top non-repeatable levels by time:
     D:5: 982 daAuts
     D:4: 963 daAuts
    D:10: 487 daAuts
     D:9: 273 daAuts
     D:6: 259 daAuts
     D:7: 243 daAuts
     D:3: 185 daAuts
 Abyss:1: 159 daAuts
     D:8: 152 daAuts
     D:2: 130 daAuts
     D:1: 42 daAuts
